Map: Ghost River LE

Players

Terradin

  • Race: Terran Terran
  • League: Diamond

PracticeX

  • Race: Terran Terran
  • Spawn Location: 11:00

VOD

Have the link to the VOD?

Description

Time

  • Played on: Aug. 23, 2024, 3:38 p.m.
  • Length: 10:57
Show
View Real Time Build Order
Export as new Build Order

Terradin Terran 

Build Orders:  

Get SALT Encoding   

Show
View Real Time Build Order
Export as new Build Order

PracticeX Terran 

Build Orders: Reaper Expand, Hellion Banshee, Mech 

Get SALT Encoding   

  12  0:00  SCV  
  13  0:12  SCV  
  14  0:17  Supply Depot  
  14  0:24  SCV  
  15  0:38  SCV  
  15  0:40  Barracks  
  16  0:44  Refinery  
  16  0:50  SCV  
  17  1:03  SCV  
  18  1:15  SCV  
  19  1:27  Orbital Command  
  19  1:29  Reaper  
  20  1:42  Command Center  
  20  1:51  Supply Depot  
  21  1:54  SCV  
  21  2:00  Marine  
  22  2:08  SCV  
  23  2:15  Factory  
  23  2:22  SCV  
  24  2:25  Barracks Reactor  
  24  2:34  SCV  
  25  2:41  Command Center  
  25  2:48  SCV  
  26  2:54  Orbital Command  
  26  3:01  Starport  
  26  3:09  Refinery  
  26  3:12  Hellion x2  
  30  3:14  Barracks Tech Lab  
  30  3:21  SCV x2  
  32  3:33  SCV, Hellion x2  
  37  3:38  SCV  
  38  3:45  Banshee  
  41  3:51  SCV  
  41  3:53  Orbital Command  
  42  3:59  Hellion x2  
  42  4:00  Supply Depot  
  42  4:01  Cloaking Field  
  46  4:04  SCV  
  46  4:09  SCV  
  48  4:16  SCV  
  49  4:21  SCV  
  49  4:24  SCV, Supply Depot  
  50  4:28  Banshee  
  50  4:29  SCV  
  50  4:31  Hellion x2  
  59  4:33  SCV  
  59  4:37  Refinery  
  59  4:38  Refinery  
  60  4:40  SCV  
  60  4:43  SCV  
  62  4:47  Supply Depot  
  62  4:49  Armory  
  62  4:51  Armory  
  62  4:54  SCV  
  62  4:55  SCV x2  
  65  5:06  SCV  
  65  5:07  SCV  
  67  5:10  Supply Depot  
  67  5:11  Barracks Tech Lab  
  67  5:13  Factory  
  67  5:14  Factory  
  67  5:17  SCV  
  67  5:20  SCV  
  69  5:24  Orbital Command  
  69  5:32  SCV  
  69  5:33  Supply Depot  
  69  5:34  Cyclone x2  
  74  5:36  SCV  
  74  5:39  Terran Vehicle And Ship Armor Level 1, Terran Vehicle Weapons Level 1  
  75  5:44  SCV  
  75  5:48  SCV  
  75  5:49  SCV  
  78  5:55  Supply Depot  
  78  5:56  SCV  
  79  5:57  Refinery  
  79  6:00  SCV  
  79  6:01  SCV  
  81  6:05  Siege Tank x2  
  81  6:08  SCV  
  81  6:10  Infernal Pre-Igniter  
  88  6:11  Refinery  
  88  6:13  SCV x2  
  88  6:18  Supply Depot  
  90  6:20  SCV  
  90  6:21  Hurricane Engines  
  90  6:25  SCV x2  
  94  6:32  SCV  
  94  6:34  Command Center, Supply Depot  
  94  6:37  SCV x2, Supply Depot  
  94  6:38  Hellion x2  
  103  6:40  Siege Tank  
  103  6:44  SCV  
  104  6:49  SCV  
  104  6:50  SCV  
  104  6:52  Factory  
  106  6:54  Factory  
  106  6:56  Siege Tank  
  106  6:57  SCV  
  106  7:00  Supply Depot  
  111  7:01  SCV  
  111  7:02  SCV, Supply Depot  
  111  7:04  Supply Depot  
  111  7:06  Engineering Bay  
  112  7:09  SCV  
  112  7:13  SCV  
  112  7:14  SCV  
  115  7:15  Thor  
  121  7:27  Hellion x2  
  121  7:28  Thor  
  131  7:31  Missile Turret  
  131  7:33  Missile Turret  
  131  7:35  Missile Turret  
  131  7:36  Sensor Tower  
  131  7:39  Terran Vehicle Weapons Level 2  
  131  7:41  Terran Vehicle And Ship Armor Level 2  
  131  7:46  Factory Reactor, Factory Tech Lab  
  131  7:48  Hellion x2  
  131  7:49  SCV x3  
  131  7:50  SCV  
  139  7:59  Hellion  
  139  8:01  SCV  
  142  8:05  Factory  
  142  8:07  Factory  
  142  8:10  Command Center  
  142  8:14  Siege Tank  
  142  8:15  Siege Tank  
  142  8:17  Hellion  
  150  8:20  SCV x3  
  153  8:27  Siege Tank  
  153  8:31  Missile Turret, Supply Depot  
  153  8:33  Missile Turret, Refinery  
  156  8:34  Refinery  
  156  8:40  Missile Turret  
  156  8:41  Hellion x2  
  160  8:42  Missile Turret  
  160  8:43  Missile Turret  
  160  8:46  Siege Tank  
  160  8:47  Siege Tank  
  166  8:51  Planetary Fortress  
  166  8:58  Factory Tech Lab x2  
  166  9:02  Siege Tank  
  169  9:07  Command Center  
  169  9:09  Sensor Tower  
  172  9:17  Siege Tank x2  
  172  9:18  Hellion x2  
  172  9:19  Supply Depot  
  172  9:21  Supply Depot x2  
  172  9:22  Hellion  
  172  9:23  Supply Depot  
  181  9:46  Thor  
  187  9:57  Missile Turret  
  187  9:59  Siege Tank x2  
  196  10:00  Siege Tank  
  196  10:16  Command Center  
  196  10:17  Missile Turret  
  196  10:19  Missile Turret x2  
  196  10:48  Starport Reactor  
  196  10:52  Missile Turret  
Tags
 
Add a new tag
Caveats
  • Supply blocks, unpowered buildings, or Contaminate may cause inaccurate times.
  • Supply counts are checked every 10 seconds.